 Dungeon Crawl Stone Soup version 0.31.0-12-g77e489cdc1 (webtiles) character file.

Game seed: 12691123174443846331

107 Gadfly the Shield-Bearer (level 4, -2/29 HPs)
             Began as a Gargoyle Fighter on Mar 7, 2024.
             Slain by an ogre
             ... wielding a +0 giant spiked club
              (17 damage)
             ... on level 4 of the Dungeon.
             The game lasted 00:03:33 (2429 turns).

Gadfly the Shield-Bearer (Gargoyle Fighter)         Turns: 2429, Time: 00:03:33

Health: -2/29      AC: 14    Str: 19    XL:     4   Next: 85%
Magic:  5/5        EV:  7    Int:  9    God:
Gold:   93         SH:  4    Dex: 11    Spells: 3/3 levels left

rFire   . . .        b - +3 dagger (venom)
rCold   . . .        c - +0 buckler
rNeg    + . .        e - +0 chain mail
rPois   ∞            g - +0 helmet
rElec   +            (no cloak)
rCorr   .            (no gloves)
SInv    .            (no boots)
Will    .....        (no amulet) Stlth
                     (no ring)
HPRegen 0.24/turn    (no ring)
MPRegen 0.09/turn

%: no passive effects
@: no status effects
A: sickness immunity, AC +3, negative energy resistance 1, electricity
resistance, torment resistance 1, petrification resistance
a: no special abilities


You were on level 4 of the Dungeon.
You visited 1 branch of the dungeon, and saw 4 of its levels.

You collected 93 gold pieces.

Inventory:

Hand Weapons
 a - a +0 flail
 b - a +3 dagger of venom (weapon)
Armour
 c - a +0 buckler (worn)
 e - a +0 chain mail (worn)
 g - a +0 helmet (worn)
Scrolls
 f - a scroll of blinking {unknown}
Potions
 d - a potion of might
 h - 2 potions of cancellation
 i - a potion of attraction
 j - a potion of heal wounds
 k - a potion of lignification


   Skills:
 + Level 3.6 Fighting
 * Level 2.8 Maces & Flails
 + Level 3.6 Armour
 + Level 3.6 Shields
 * Level 2.0 Invocations
 * Level 1.7 Evocations


You had 3 spell levels left.
You didn't know any spells.
Your spell library contained the following spells:

 Spells                   Type           Power      Damage    Failure   Level
 Lesser Beckoning         Tloc           0%         N/A       99%         2
 Gell's Gravitas          Tloc           0%         N/A       100%        3
 Hailstorm                Conj/Ice       0%         3d5       100%        3
 Summon Ice Beast         Ice/Summ       0%         N/A       100%        3
 Teleport Other           Tloc           0%         N/A       100%        3
 Ignite Poison            Fire/Alch      0%         N/A       100%        4
 Freezing Cloud           Conj/Ice/Air   0%         6-21      100%        5
 Dispersal                Tloc           0%         N/A       100%        6
 Sculpt Simulacrum        Ice/Alch       0%         N/A       100%        6
 Cigotuvi's Dreadful Rot  Necr/Alch/Air  Unusable   N/A       N/A         2

Dungeon Overview and Level Annotations

Branches:
Dungeon (4/15)
 Temple: D:4-7

Altars:

Shops:
D:1 (


Innate Abilities, Weirdness & Mutations

You are immune to sickness and miasma.
Your stone body is resilient. (AC +3)
You are immune to poison.
You resist negative energy. (rN+)
You are resistant to electric shocks. (rElec)
You are resistant to unholy torment.
You are immune to petrification.


Message History

No target in view!
Found a stone staircase leading down.
There is a stone staircase leading down here.
There is a shaft here.
There is a shaft here.
There is a stone staircase leading down here.
A hound comes into view.
The hound barks!
You see here 4 boomerangs.
An ogre comes into view. It is wielding a +0 giant spiked club.
The ogre shouts!
An ogre comes into view. It is wielding a +0 giant club.
You closely miss the hound.
The ogre shouts!
The hound bites you but does no damage. The hound barely misses you.
You hit the hound.
The hound is lightly wounded.
The hound closely misses you.
You barely miss the hound.
The hound is lightly wounded.
The hound bites you but does no damage. The hound barely misses you.
You barely miss the hound.
The hound is lightly wounded.
The hound bites you.
You barely miss the hound.
The hound is lightly wounded.
The hound bites you but does no damage. The hound bites you.
You closely miss the hound.
The hound is lightly wounded.
The hound bites you. You block the ogre's attack.
You hit the hound but do no damage.
The hound is poisoned.
The hound is lightly wounded.
The hound bites you but does no damage. The hound bites you.
The ogre barely misses you.
You hit the hound.
The hound looks as sick as possible!
The hound is lightly wounded.
The hound bites you but does no damage.
The ogre hits you with a +0 giant spiked club!
Ouch! That really hurt!
You die...

.#.# #.#.# #.# ...# ##
#.#.# #.# ## ...
#.#.#######.# ....
#.#.........# .
.....##.###########
...................
....######.###########
......O....#.......>.#
#....h@(....###.###^#
#....O..##### #####.#
#......... #.....#
#...###.### #######
#.#. #.. # . ..## .
### #.


You could see 2 ogres and a hound (extremely poisoned).

Vanquished Creatures
  An iguana (D:3)
  3 adders
  2 dart slugs
  An orc (D:3)
  4 ball pythons
  4 endoplasms
  2 giant cockroaches (D:1)
  7 goblins
  5 hobgoblins (D:1)
  A quokka (D:4)
  5 bats
  2 frilled lizards (D:1)
  A kobold (D:1)
  10 rats
48 creatures vanquished.

Notes
Turn   | Place    | Note
-------+----------+-------------------------------------------
     0 | D:1      | Gadfly the Gargoyle Fighter began the quest for the Orb.
     0 | D:1      | Reached XP level 1. HP: 14/14 MP: 1/1
    95 | D:1      | Reached XP level 2. HP: 13/19 MP: 2/2
   252 | D:1      | Found Ipnommou's Antique Weapon Emporium.
   299 | D:1      | Reached skill level 1 in Invocations
   404 | D:1      | Reached XP level 3. HP: 23/23 MP: 3/3
   482 | D:1      | Found a faded altar of an unknown god.
   666 | D:1      | Reached skill level 1 in Evocations
  1294 | D:2      | Reached XP level 4. HP: 28/28 MP: 5/5
  2421 | D:4      | Noticed an ogre
  2421 | D:4      | Noticed an ogre
  2429 | D:4      | Slain by an ogre

Illustrated notes

Levels and vault maps discovered:
D:1:      heliophobic_arrival_ceremonial_halls, layout_loops_cross,
          shapermc_ecumenical_altar_flowoftime, serial_shops, shop, st_stairs_7
D:2:      layout_basic, supply_closet_lemuel, kennysheep_cluttered_room
D:3:      layout_rooms
D:4:      cheibrodos_fertilizer, layout_basic,
          mainiacjoe_overflow_catch_the_wave, dreamdust_mushroom_princess,
          minmay_rat_hole

Skill      XL: |  1  2  3  4 |
---------------+-------------+-----
Invocations    | 1 2 |  2.0
Evocations     | 1 |  1.7
Fighting       | |  3.6
Maces & Flails | |  2.8
Armour         | |  3.6
Shields        | |  3.6

Action                     |  1- 3 |  4- 6 || total
---------------------------+-------+-------++-------
  Melee: Flail             |    25 |       ||    25
         Dagger            |    75 |    42 ||   117
    Use: Scroll            |     2 |     5 ||     7
         Potion            |       |     2 ||     2
 Armour: Scale mail        |    52 |       ||    52
         Chain mail        |    17 |    37 ||    54
  Dodge: Dodged            |    30 |     8 ||    38
  Block: Buckler           |    15 |     7 ||    22
